 Dungeon Crawl Stone Soup version 0.29-a0-973-gac7da5f7f0 (webtiles) character file.

Game seed: 17856722132250031430

55 wingedge the Trooper (level 3, 0/37 HPs)
             Began as an Ogre Earth Elementalist on July 31, 2022.
             Slain by a scorpion (2 damage)
             ... on level 2 of the Dungeon.
             The game lasted 00:05:31 (1600 turns).

wingedge the Trooper (Ogre Earth Elementalist)      Turns: 1600, Time: 00:05:32

Health: 0/37       AC:  3    Str: 12    XL:     3   Next: 93%
Magic:  0/6        EV: 10    Int: 18    God:
Gold:   31         SH:  0    Dex:  9    Spells: 0/6 levels left

rFire   . . .      SeeInvis .   a - +1 whip (drain)
rCold   . . .      Faith    .   (no shield)
rNeg    . . .      Spirit   .   k - +0 robe
rPois   .          Reflect  .   (helmet restricted)
rElec   .          Harm     .   (no cloak)
rCorr   .          Rampage  .   (gloves unavailable)
Will    .....                   (boots unavailable)
Stlth   +.........              (no amulet)
HPRegen 0.12/turn               (no ring)
MPRegen 0.10/turn               (no ring)

@: lethally poisoned (0 -> -4)
A: large, unfitting armour, tough skin 1
a: no special abilities


You were on level 2 of the Dungeon.
You visited 1 branch of the dungeon, and saw 2 of its levels.

You collected 31 gold pieces.

Inventory:

Hand Weapons
 a - a +1 whip of draining (weapon)
 b - a +0 short sword
Armour
 i - an orb of wrath
 k - a +0 robe (worn)
Scrolls
 d - a scroll of enchant weapon {unknown}
 e - a scroll of magic mapping {unknown}
 f - a scroll of identify {unknown}
 j - a scroll of vulnerability {unknown}
 m - a scroll of amnesia {unknown}
Potions
 c - a potion of magic
 g - a potion of haste {unknown}
 h - a potion of berserk rage {unknown}
 l - a potion of brilliance {unknown}


   Skills:
 + Level 3.3 Fighting
 - Level 2.0 Dodging
 - Level 1.4 Stealth
 + Level 2.4 Spellcasting
 * Level 0.4 Conjurations
 - Level 0.8 Transmutations
 * Level 3.2 Earth Magic


You couldn't memorise any spells.
You knew the following spells:

 Your Spells              Type           Power      Damage    Failure   Level
a - Sandblast             Erth           26%        2d8       4%          1
b - Searing Ray           Conj           6%         2d4       22%         2
c - Stone Arrow           Conj/Erth      16%        3d8       24%         3

Your spell library contained the following spells:

 Spells                   Type           Power      Damage    Failure   Level
 Passwall                 Tmut/Erth      7%         N/A       12%         2
 Magic Dart               Conj           12%        1d3       14%         1
 Petrify                  Tmut/Erth      9%         N/A       58%         4
 Fulminant Prism          Conj/Hex       1%         3d6       85%         4


Dungeon Overview and Level Annotations

Branches:
Dungeon (2/15)

Altars:


Innate Abilities, Weirdness & Mutations

You are too large for most types of armour.
You have tough skin. (AC +1)


Message History

Confirm with . or Enter, or press ? or * to list all spells.
Aiming: Sandblast (safe; 4% risk of failure)
Press: ? - help, Shift-Dir - straight line, f/p - scorpion
Aim: a scorpion (moderately wounded, 82% to hit)
The blast of sand hits the scorpion but does no damage.
The scorpion is moderately wounded.
The scorpion barely misses you. The scorpion stings you.
The scorpion stings you!
Casting: Sandblast (safe; 4% risk of failure)
Confirm with . or Enter, or press ? or * to list all spells.
Aiming: Sandblast (safe; 4% risk of failure)
Press: ? - help, Shift-Dir - straight line, f/p - scorpion
Aim: a scorpion (moderately wounded, 82% to hit)
The blast of sand hits the scorpion.
The scorpion is heavily wounded.
The scorpion stings you but does no damage.
The scorpion stings you.
* * * LOW HITPOINT WARNING * * *
Casting: Sandblast (safe; 4% risk of failure)
Confirm with . or Enter, or press ? or * to list all spells.
Aiming: Sandblast (safe; 4% risk of failure)
Press: ? - help, Shift-Dir - straight line, f/p - scorpion
Aim: a scorpion (heavily wounded, 82% to hit)
The blast of sand hits the scorpion!
The scorpion is severely wounded.
The scorpion barely misses you. The scorpion stings you.
* * * LOW HITPOINT WARNING * * *
You are lethally poisoned!
The scorpion poisons you!
Casting: Sandblast (safe; 4% risk of failure)
Confirm with . or Enter, or press ? or * to list all spells.
Aiming: Sandblast (safe; 4% risk of failure)
Press: ? - help, Shift-Dir - straight line, f/p - scorpion
Aim: a scorpion (severely wounded, 82% to hit)
The blast of sand hits the scorpion but does no damage.
The scorpion is severely wounded.
* * * LOW HITPOINT WARNING * * *
You feel very sick. The scorpion stings you.
You die...

.# .# .. .# #. .# ##### #. .#
#...# #.## .# # #...# #..# .#
... ##...#########.##.#.....
†....'..........@s......
##...#########.##.##...b....#
############ #..#.# ........#
...........# ##.#.# .......##
...........# ...# .......#
...........# #..# #.....#
...........# ... #.....#
...........# .... #.....#
......(....# #.....#


You could see a scorpion and a bat (asleep).

Vanquished Creatures
  An adder (D:2)
  3 orcs (D:2)
  3 endoplasms (D:1)
  2 giant cockroaches
  4 goblins (D:1)
  5 hobgoblins (D:1)
  5 ball pythons
  3 bats (D:1)
  5 frilled lizards
  6 kobolds (D:1)
  4 rats
41 creatures vanquished.

Notes
Turn   | Place    | Note
-------+----------+-------------------------------------------
     0 | D:1      | wingedge the Ogre Earth Elementalist began the quest for
                  | the Orb.
     0 | D:1      | Reached XP level 1. HP: 16/16 MP: 3/3
   110 | D:1      | Reached skill level 1 in Fighting
   265 | D:1      | Reached XP level 2. HP: 27/27 MP: 3/5
   623 | D:1      | Reached XP level 3. HP: 36/36 MP: 2/6
  1373 | D:2      | Noticed a scorpion
  1525 | D:2      | Learned a level 2 spell: Searing Ray
  1529 | D:2      | Learned a level 3 spell: Stone Arrow
  1600 | D:2      | Slain by a scorpion

Illustrated notes

Levels and vault maps discovered:
D:1:      lightli_arrival_lavapool, layout_basic, st_stairs_6,
          serial_bayou_ford_a, hangedman_decor_slide_cut, roderic_filled_cross
D:2:      layout_basic, nicolae_ecumenical_lake_church

Skill      XL: |  1  2  3 |
---------------+----------+-----
Fighting       | 1 2 3 |  3.3
Dodging        | 2 |  2.0
Earth Magic    | 3 |  3.2
Stealth        | |  1.4
Spellcasting   | |  2.4
Conjurations   | |  0.4
Transmutations | |  0.8

Action                   || total
-------------------------++-------
Melee: Short sword       ||    14
       Whip              ||     7
 Cast: Sandblast         ||    56
Armor: Robe              ||    13
Dodge: Dodged            ||    32

Table legend: (Time is in decaauts)
 A = Elapsed time spent in this place.
 B = Non-inter-level travel time spent in this place.
 C = Inter-level travel time spent in this place.
 D = Time resting spent in this place.
 E = Time spent auto-exploring this place.
 F = Levels seen in this place.
 G = Mean time per level.
                   A        B        C        D        E       F      G
               +--------+--------+--------+--------+--------+-----+--------+
         Total |   1660 |   1563 |     97 |    169 |   1015 |   2 |  830.0 |
       Dungeon |   1660 |   1563 |     97 |    169 |   1015 |   2 |  830.0 |
               +--------+--------+--------+--------+--------+-----+--------+

Top non-repeatable levels by time:
     D:1: 1339 daAuts
     D:2: 320 daAuts
